 Dungeon Crawl Stone Soup version 0.29-a0-330-g52719c12eb (webtiles) character file.

Game seed: 15265991023706124774

10885 kae the Arsonist (level 11, -2/74 HPs)
             Began as a Demigod Fire Elementalist on Apr 27, 2022.
             Slain by a two-headed ogre
             ... wielding a +0 giant club
              (30 damage)
             ... on level 10 of the Dungeon.
             The game lasted 00:12:16 (16016 turns).

kae the Arsonist (Demigod Fire Elementalist)       Turns: 16016, Time: 00:12:16

Health: -2/74      AC:  7    Str:  9    XL:     11   Next: 19%
Magic:  20/28      EV: 11    Int: 29    God:
Gold:   615        SH:  3    Dex: 14    Spells: 2/28 levels left

rFire   + . .      SeeInvis .   k - +0 flail
rCold   x . .      Faith    .   p - +0 buckler
rNeg    . . .      Spirit   .   a - +0 robe
rPois   .          Reflect  .   u - +1 hat
rElec   .          Harm     .   (no cloak)
rCorr   .          Rampage  .   (no gloves)
Will    +....                   (no boots)
Stlth   ++........              (no amulet)
HPRegen 0.22/turn               c - ring of fire
MPRegen 0.21/turn               e - +4 ring of protection

@: no status effects
A: high MP 1, forlorn, divine attributes
a: no special abilities


You were on level 10 of the Dungeon.
You visited 1 branch of the dungeon, and saw 10 of its levels.
You also visited: Sewer and Bailey.

You collected 698 gold pieces.
You spent 83 gold pieces at shops.

Inventory:

Hand Weapons
 k - a +0 flail (weapon)
Armour
 a - a +0 robe (worn)
 j - a +1 helmet
 p - a +0 buckler (worn)
 u - a +1 hat (worn)
Jewellery
 c - a ring of fire (left hand)
 d - a ring of poison resistance
 e - a +4 ring of protection (right hand)
 A - a ring of ice
Wands
 w - a wand of iceblast (16)
 x - a wand of paralysis (19)
Scrolls
 g - 3 scrolls of teleportation
 l - 7 scrolls of enchant weapon
 q - a scroll of amnesia
 s - 6 scrolls of enchant armour
 t - 5 scrolls of fog
 v - a scroll of immolation
 y - a scroll of brand weapon
 E - a scroll of fear
 G - a scroll of identify
Potions
 b - 2 potions of lignification
 f - a potion of resistance {unknown}
 h - a potion of brilliance
 i - 4 potions of magic
 m - 6 potions of attraction
 n - 5 potions of mutation
 o - 4 potions of might
 r - 3 potions of haste
 z - 5 potions of heal wounds
 B - a potion of cancellation
 C - a potion of invisibility
 D - a potion of berserk rage
 F - 2 potions of curing


   Skills:
 - Level 1.7 Dodging
 - Level 1.7 Stealth
 + Level 9.1 Spellcasting
 + Level 9.7 Conjurations
 + Level 10.1 Fire Magic


You had 2 spell levels left.
You knew the following spells:

 Your Spells              Type           Power      Damage    Failure   Level
a - Foxfire               Conj/Fire      100%       2x1d9     1%          1
b - Scorch                Fire           100%       2d10      1%          2
c - Conjure Flame         Conj/Fire      82%        6-21      1%          3
d - Inner Flame           Hex/Fire       59%        N/A       1%          3
e - Flame Wave            Conj/Fire      82%        2d14      1%          4
f - Starburst             Conj/Fire      41%        6d12      14%         6
g - Orb of Destruction    Conj           31%        9d10      65%         7

Your spell library contained the following spells:

 Spells                   Type           Power      Damage    Failure   Level
 Dazzling Flash           Conj/Hex       82%        N/A       2%          3
 Iskenderun's Mystic Bla  Conj/Tloc      41%        2d9       8%          4
 Summon Guardian Golem    Hex/Summ       13%        N/A       17%         3
 Animate Dead             Necr           6%         N/A       50%         4
 Borgnjor's Vile Clutch   Necr/Erth      6%         N/A       83%         5
 Spellforged Servitor     Conj/Summ      20%        N/A       99%         7
 Death Channel            Necr           6%         N/A       100%        6


Dungeon Overview and Level Annotations

Branches:
Dungeon (10/15)            Temple (0/1) D:6            Lair (0/6) D:9
    Orc (0/2) D:10          Sewer (visited)          Bailey (visited)

Shops:
D:5 **(!(   D:6 (   D:9 ((

Annotations:
D:4 Dowan, Duvessa
D:6 2 transporters, Crownlay's ghost, novice GrEE


Innate Abilities, Weirdness & Mutations

You have an increased reservoir of magic. (+10% MP)
You shall have no god before yourself.
Your divine heritage dramatically boosts your attributes as you level up.


Message History

Your foxfire dissipates!
Casting: Foxfire (safe; 1% risk of failure)
Confirm with . or Enter, or press ? or * to list all spells.
You feel a surge of power!
You conjure some foxfire!
The foxfire hits the two-headed ogre.
The two-headed ogre is lightly wounded.
The foxfire hits the two-headed ogre but does no damage.
The two-headed ogre is lightly wounded.
The foxfire hits the two-headed ogre but does no damage.
The two-headed ogre is lightly wounded.
The foxfire hits the two-headed ogre.
The two-headed ogre is moderately wounded.
Casting: Foxfire (safe; 1% risk of failure)
Confirm with . or Enter, or press ? or * to list all spells.
You feel a surge of power!
You conjure some foxfire!
The foxfire hits the two-headed ogre!
The two-headed ogre is moderately wounded.
The foxfire hits the two-headed ogre but does no damage.
The two-headed ogre is moderately wounded.
Casting: Foxfire (safe; 1% risk of failure)
Confirm with . or Enter, or press ? or * to list all spells.
You feel a surge of power!
Flames lash the two-headed ogre.
The two-headed ogre is heavily wounded.
The two-headed ogre's fire resistance burns away.
The two-headed ogre hits you with a +0 giant club!
The two-headed ogre closely misses you.
Casting: Scorch (safe; 1% risk of failure)
Confirm with . or Enter, or press ? or * to list all spells.
You feel a surge of power!
Flames lash the two-headed ogre.
The two-headed ogre is burned terribly!
The two-headed ogre is severely wounded.
The two-headed ogre closely misses you. You block the two-headed ogre's attack.
Casting: Scorch (safe; 1% risk of failure)
Confirm with . or Enter, or press ? or * to list all spells.
You feel a surge of power!
Flames lash the two-headed ogre.
The two-headed ogre is burned terribly!
The two-headed ogre is almost dead.
The two-headed ogre hits you with a +0 giant club!!
The two-headed ogre hits you with a +0 giant spiked club!!
You die...

################
................
...$..O@........
...####..######
#..# #..# #..#
#..# #..# #..#
#..#


You could see a two-headed ogre (combustible).

Vanquished Creatures
  An ugly thing (D:8)
  A cyclops (D:7)
  A komodo dragon (D:9)
  5 kobold demonologists
  2 trolls (D:9)
  A hornet (D:7)
  Prince Ribbit (D:6)
  11 yaks
  A wyvern (D:6)
  A steam dragon (D:8)
  2 water moccasins
  Menkaure (D:7)
  13 orc warriors
  3 black bears
  A sky beast (D:5)
  An ice beast (D:6)
  An ogre (D:6)
  5 centaurs
  A phantom (D:7)
  10 kobold brigands
  4 bullfrogs
  A scorpion (D:6)
  A necrophage (D:7)
  14 killer bees
  A howler monkey (D:6)
  4 jellies
  4 hounds
  A gnoll shaman (D:7)
  9 orc priests
  4 iguanas
  13 orc wizards
  Robin (D:2)
  4 gnolls (D:7)
  7 adders
  2 white imps
  4 worms
  2 dart slugs (D:3)
  55 orcs
  6 ball pythons
  A bat (D:1)
  11 endoplasms
  7 giant cockroaches
  16 goblins
  8 hobgoblins
  2 jackals (D:1)
  5 quokkas
  9 frilled lizards
  18 kobolds
  11 rats
288 creatures vanquished.

Vanquished Creatures (collateral kills)
  A foxfire (D:9)
1 creature vanquished.

Vanquished Creatures (others)
  Maurice (D:10)
  841 foxfires
  7 plants
849 creatures vanquished.

Grand Total: 1138 creatures vanquished

Notes
Turn   | Place    | Note
-------+----------+-------------------------------------------
     0 | D:1      | kae the Demigod Fire Elementalist began the quest for the
                  | Orb.
     0 | D:1      | Reached XP level 1. HP: 14/14 MP: 5/5
    50 | D:1      | Reached skill level 1 in Conjurations
   313 | D:1      | Reached XP level 2. HP: 20/20 MP: 2/7
   335 | D:1      | Reached skill level 3 in Fire Magic
   857 | D:2      | Noticed Robin
   868 | D:1      | Learned a level 2 spell: Scorch
  1314 | D:2      | Reached XP level 3. HP: 23/26 MP: 5/9
  1321 | D:2      | Learned a level 3 spell: Conjure Flame
  2091 | D:2      | Killed Robin
  2482 | D:2      | Reached XP level 4. HP: 17/33 MP: 5/10
  3567 | D:3      | Reached XP level 5. HP: 25/38 MP: 7/12
  4064 | D:4      | Learned a level 3 spell: Inner Flame
  4185 | D:4      | Found a glowing drain.
  4268 | Sewer    | Entered a sewer
  4514 | Sewer    | Reached skill level 4 in Fire Magic
  5094 | D:4      | Noticed Duvessa
  5094 | D:4      | Noticed Dowan
  5122 | D:5      | Entered Level 5 of the Dungeon
  5432 | D:5      | Reached XP level 6. HP: 45/45 MP: 10/14
  5631 | D:5      | Found Iwuob's Antique Weapon Boutique.
  5829 | D:5      | Found Cabeewuj's General Store.
  5830 | D:5      | You fall into a shaft and drop 2 floors!
  5830 | D:7      | Noticed Menkaure
  5834 | D:7      | Killed Menkaure
  5951 | D:6      | Reached skill level 5 in Fire Magic
  5951 | D:6      | Reached XP level 7. HP: 50/50 MP: 11/16
  6255 | D:5      | Found Emashrynn's Assorted Antiques.
  6264 | D:5      | Bought a grey potion for 19 gold pieces
  6264 | D:5      | Bought a scroll of identify for 44 gold pieces
  6294 | D:5      | Bought a scroll of identify for 20 gold pieces
  6458 | D:5      | Found Urilek's Antique Weapon Boutique.
  6512 | D:5      | Found Lozid's Distillery.
  6787 | D:6      | Noticed a wyvern
  6796 | D:6      | Killed a wyvern
  6797 | D:6      | Reached skill level 5 in Spellcasting
  6797 | D:6      | Reached skill level 5 in Conjurations
  6842 | D:6      | Reached XP level 8. HP: 55/57 MP: 10/19
  6932 | D:6      | Reached skill level 6 in Fire Magic
  6955 | D:6      | Found a staircase to the Ecumenical Temple.
  7321 | D:6      | Found Ceameim's Antique Weapon Emporium.
  7375 | D:6      | Learned a level 4 spell: Flame Wave
  7469 | D:6      | Noticed Prince Ribbit
  7494 | D:6      | Killed Prince Ribbit
  7635 | D:6      | Found a transporter.
  7639 | D:6      | Noticed Crownlay's ghost (novice GrEE)
  7679 | D:6      | Found a transporter.
  8598 | D:7      | Reached skill level 7 in Fire Magic
  8890 | D:7      | Reached XP level 9. HP: 62/62 MP: 19/22
  8948 | D:7      | Identified the +2 robe of Responsibility {rF+ Str-3 Dex+5}
  9105 | D:7      | Noticed a cyclops
  9115 | D:7      | Killed a cyclops
  9864 | D:7      | Reached skill level 8 in Fire Magic
 10450 | D:8      | Noticed a purple ugly thing
 10484 | D:8      | Noticed a kobold demonologist
 10487 | D:8      | Noticed a kobold demonologist
 10490 | D:8      | Noticed a rust devil
 10494 | D:8      | Reached XP level 10. HP: 47/69 MP: 4/25
 10728 | D:8      | Found a flagged portal.
 10738 | Bailey   | Entered a bailey
 11428 | Bailey   | Reached skill level 9 in Fire Magic
 12853 | D:8      | Killed a purple ugly thing
 13853 | D:9      | Found Fofaniol's Antique Weapon Boutique.
 14556 | D:9      | Found a staircase to the Lair.
 14735 | D:9      | Found Iliog's Weapon Shop.
 14770 | D:9      | Noticed a sun demon
 14774 | D:9      | Reached XP level 11. HP: 51/74 MP: 0/28
 15135 | D:9      | Reached skill level 10 in Fire Magic
 15416 | D:9      | Learned a level 6 spell: Starburst
 15424 | D:9      | Learned a level 7 spell: Orb of Destruction
 15480 | D:10     | Entered Level 10 of the Dungeon
 15484 | D:10     | Found a staircase to the Orcish Mines.
 15769 | D:10     | Noticed Maurice
 15778 | D:10     | Killed Maurice
 16003 | D:10     | Noticed a two-headed ogre
 16016 | D:10     | Slain by a two-headed ogre

Illustrated notes

Levels and vault maps discovered:
D:1:      dpeg_arrival_tiny_j, layout_rooms
D:2:      layout_rooms, nicolae_ecumenical_oubliette, uniq_robin
D:3:      layout_loops_ring, grunt_ministairs_4
D:4:      layout_basic, portal_sewer_entry_f, uniq_duvessa
D:5:      layout_basic, serial_shops, nicolae_shop_stone, kennysheep_mini,
          nicolae_shop_overgrown_old_shop, nicolae_shop_crystal,
          nicolae_shop_crystal, minmay_misc_feat_pillars, st_stairs_5
D:6:      layout_basic, minmay_temple_entry_drinking_statues, serial_shops,
          nicolae_shop_overgrown_old_shop, gammafunk_ghost_stat_death,
          minivault_1, uniq_prince_ribbit1
D:7:      kb_forest_paths, layout_basic, grunt_ministairs_1, uniq_menkaure
D:8:      layout_cave_pods, enter_bailey_4, minmay_chambers_of_fives
D:9:      layout_irregular_city, nicolae_wu_jian_immortal_techniques,
          david_lair_shrubbed, serial_shops, shop_coins,
          nicolae_shop_bloodbath_and_beyond
D:10:     layout_long_grid, orc_0_dummy, uniq_maurice

Skill      XL: |  1  2  3  4  5  6  7  8  9 10 11 |
---------------+----------------------------------+-----
Conjurations   | 1 2 3 4 5 6 8 9 |  9.7
Spellcasting   | 2 3 4 5 6 7 8 9 |  9.1
Fire Magic     | 3 4 5 7 8 9 10 | 10.1
Dodging        | |  1.7
Stealth        | |  1.7

Action                   |  1- 3 |  4- 6 |  7- 9 | 10-12 || total
-------------------------+-------+-------+-------+-------++-------
Melee: Unarmed           |    17 |    16 |       |       ||    33
       Flail             |       |    11 |    11 |    14 ||    36
 Cast: Foxfire           |    92 |   143 |   128 |   123 ||   486
       Scorch            |     9 |    13 |    62 |    44 ||   128
       Inner Flame       |       |       |     4 |     3 ||     7
       Conjure Flame     |       |       |     9 |     6 ||    15
       Flame Wave        |       |       |     3 |    19 ||    22
  Use: Scroll            |    10 |     7 |    10 |     5 ||    32
       Potion            |     1 |       |     1 |     4 ||     6
Armor: Robe              |    24 |    24 |    31 |    48 ||   127
Dodge: Dodged            |    53 |    40 |    62 |   100 ||   255
Block: Buckler           |       |     3 |    14 |    19 ||    36

Table legend: (Time is in decaauts)
 A = Elapsed time spent in this place.
 B = Non-inter-level travel time spent in this place.
 C = Inter-level travel time spent in this place.
 D = Time resting spent in this place.
 E = Time spent auto-exploring this place.
 F = Levels seen in this place.
 G = Mean time per level.
                   A        B        C        D        E       F      G
               +--------+--------+--------+--------+--------+-----+--------+
         Total |  16070 |  15699 |    371 |   2222 |  10980 |  12 | 1339.2 |
       Dungeon |  13613 |  13242 |    371 |   1189 |  10039 |  10 | 1361.3 |
         Sewer |    483 |    483 |      0 |     16 |    339 |   1 |  483.0 |
        Bailey |   1974 |   1974 |      0 |   1017 |    602 |   1 | 1974.0 |
               +--------+--------+--------+--------+--------+-----+--------+

Top non-repeatable levels by time:
     D:7: 2354 daAuts
  Bailey: 1974 daAuts
     D:9: 1681 daAuts
     D:2: 1494 daAuts
     D:6: 1463 daAuts
     D:8: 1421 daAuts
     D:3: 1418 daAuts
     D:5: 1350 daAuts
     D:1: 1146 daAuts
     D:4: 744 daAuts
    D:10: 537 daAuts
   Sewer: 483 daAuts
